 Dungeon Crawl Stone Soup version 0.29.1-1-gd02db6906a (webtiles) character file.

Game seed: 1535068054682303774

0 Icepheonix32 the Caller (level 1, -1/13 HPs)
             Began as a Merfolk Summoner on Oct 9, 2022.
             Slain by a goblin
             ... wielding a +0 dagger
              (2 damage)
             ... on level 1 of the Dungeon.
             The game lasted 00:00:09 (178 turns).

Icepheonix32 the Caller (Merfolk Summoner)           Turns: 178, Time: 00:00:10

Health: -1/13      AC:  2    Str:  8    XL:     1   Next: 10%
Magic:  1/3        EV: 12    Int: 14    God:
Gold:   15         SH:  0    Dex: 14    Spells: 3/4 levels left

rFire   . . .      SeeInvis .   (no weapon)
rCold   . . .      Faith    .   (no shield)
rNeg    . . .      Spirit   .   a - +0 robe
rPois   .          Reflect  .   (no helmet)
rElec   .          Harm     .   (no cloak)
rCorr   .          Rampage  .   (no gloves)
Will    .....                   (no boots)
Stlth   ++........              (no amulet)
HPRegen 0.04/turn               (no ring)
MPRegen 0.08/turn               (no ring)

@: no status effects
A: (nimble swimmer 2), mertail
a: no special abilities


You were on level 1 of the Dungeon.
You visited 1 branch of the dungeon, and saw 1 of its levels.

You collected 15 gold pieces.

Inventory:

Armour
 a - a +0 robe (worn)
Potions
 b - a potion of magic


   Skills:
 - Level 2.6 Dodging
 - Level 2.1 Stealth
 - Level 2.0 Spellcasting
 + Level 4.0 Summonings


You had 3 spell levels left.
You knew the following spells:

 Your Spells              Type           Power      Damage    Failure   Level
a - Summon Small Mammal   Summ           48%        N/A       4%          1

Your spell library contained the following spells:

 Spells                   Type           Power      Damage    Failure   Level
 Call Imp                 Summ           12%        N/A       7%          2
 Call Canine Familiar     Summ           12%        N/A       14%         3
 Summon Guardian Golem    Hex/Summ       7%         N/A       30%         3
 Summon Lightning Spire   Summ/Air       7%         N/A       71%         4


Dungeon Overview and Level Annotations

Branches:
Dungeon (1/15)

Altars:


Innate Abilities, Weirdness & Mutations

((You are very nimble when in or above water. (Stealth+, EV+, Speed+++)))
Your lower body shifts to a powerful aquatic tail in water.


Message History

The bat dies!
No target in view!
No target in view!
Magic restored.
Your rat disappears in a puff of smoke!
Your bat disappears in a puff of smoke!
HP restored. 2 jackals come into view.
The jackal barks! x2
There are monsters nearby!
You closely miss the jackal.
The jackal bites you but does no damage.
The jackal closely misses you.
You hit the jackal.
The jackal is lightly wounded.
A goblin comes into view. It is wielding a +0 dagger.
The jackal bites you. x2; The jackal closely misses you.
The jackal bites you. The jackal attacks as you move away!
The jackal misses you.
The goblin shouts!
A kobold comes into view. It is wielding a +0 club.
Casting: Summon Small Mammal (safe; 4% risk of failure)
Confirm with . or Enter, or press ? or * to list all spells.
You don't know that spell.
Casting: Summon Small Mammal (safe; 4% risk of failure)
Confirm with . or Enter, or press ? or * to list all spells.
The kobold shouts!
The jackal bites you. x2; The jackal closely misses you.
The jackal barely misses you.
Casting: Summon Small Mammal (safe; 4% risk of failure)
Confirm with . or Enter, or press ? or * to list all spells.
Your bat closely misses the goblin.
The jackal bites you but does no damage.
The jackal closely misses you. The goblin hits you with a +0 dagger.
The jackal attacks as you move away! The jackal bites you.
* * * LOW HITPOINT WARNING * * *
Your bat misses the goblin. Your bat misses the jackal.
Your bat hits the jackal but does no damage.
The goblin closely misses you. The goblin attacks as you move away!
The goblin hits you with a +0 dagger.
You die...

... ...# #...
####..# ....K# #
#.b.# #
...###...##.###.#
#.....bg@......#
######.hh########
........##
#######.# #.# #.#
#.# #.###########
#.##........#


You could see 2 jackals, a goblin (ally target), a kobold and 2 friendly bats.

Vanquished Creatures (collateral kills)
  A bat (D:1)
1 creature vanquished.

Notes
Turn   | Place    | Note
-------+----------+-------------------------------------------
     0 | D:1      | Icepheonix32 the Merfolk Summoner began the quest for the
                  | Orb.
     0 | D:1      | Reached XP level 1. HP: 13/13 MP: 3/3
   178 | D:1      | Slain by a goblin

Illustrated notes

Levels and vault maps discovered:
D:1:      psy_arrival_radial01, layout_loops_corners,
          dreamdust_ecumenical_altar_drowned_temple, palyth_stone_intersect,
          supply_closet_lemuel

Action                   || total
-------------------------++-------
Melee: Unarmed           ||     6
 Cast: Summon Small Mamm ||     4
Armor: Robe              ||     5
Dodge: Dodged            ||    17
